Map: Blackpink LE

Players

DnS

  • Race: Protoss Protoss
  • League: Grandmaster
  • Spawn Location: 7:00

FeaR - Winner!

  • Race: Protoss Protoss
  • League: Master
  • Spawn Location: 1:00

Event: HomeStory Cup XVI

VOD

Have the link to the VOD?

Description

Time

  • Played on: Nov. 10, 2017, 4:08 p.m.
  • Length: 10:09

All games in this series

Show
View Real Time Build Order
Export as new Build Order

DnS Protoss 

Build Orders:  

Get SALT Encoding   

  12  0:02  Probe (Chrono Boost)  
  14  0:14  Probe (Chrono Boost)  
  14  0:16  Pylon  
  14  0:25  Probe (Chrono Boost)  
  15  0:31  Probe (Chrono Boost)  
  15  0:40  Gateway, Probe (Chrono Boost)  
  17  0:46  Assimilator  
  17  0:52  Probe (Chrono Boost)  
  17  0:53  Assimilator  
  18  1:01  Probe (Chrono Boost)  
  19  1:06  Gateway  
  19  1:08  Probe (Chrono Boost)  
  21  1:19  Probe (Chrono Boost)  
  21  1:27  Cybernetics Core  
  21  1:31  Probe (Chrono Boost)  
  22  1:42  Pylon  
  22  1:46  Warp Gate  
  23  1:47  Probe (Chrono Boost)  
  24  2:02  Probe (Chrono Boost)  
  24  2:03  Adept x2  
  28  2:23  Shield Battery  
  28  2:30  Stalker  
  28  2:35  Pylon  
  30  2:40  Nexus  
  30  2:53  Stalker  
  32  3:00  Stalker  
  34  3:09  Robotics Facility  
  32  3:22  Shield Battery  
  32  3:23  Shield Battery  
  32  3:48  Observer  
  32  3:51  Stalker  
  32  3:52  Stalker  
  37  4:07  Probe x2 (Chrono Boost)  
  37  4:09  Immortal  
  43  4:16  Stalker, Sentry  
  47  4:20  Probe x2 (Chrono Boost)  
  48  4:28  Probe (Chrono Boost)  
  49  4:32  Probe (Chrono Boost)  
  49  4:36  Pylon  
  49  4:41  Probe (Chrono Boost)  
  49  4:42  Twilight Council  
  49  4:44  Probe (Chrono Boost)  
  51  4:49  Observer  
  51  4:50  Probe (Chrono Boost)  
  53  4:56  Probe x2 (Chrono Boost)  
  54  5:06  Sentry x2  
  61  5:07  Probe (Chrono Boost)  
  61  5:08  Probe (Chrono Boost)  
  61  5:09  Assimilator  
  61  5:10  Pylon  
  61  5:19  Probe (Chrono Boost)  
  61  5:21  Blink  
  63  5:29  Probe (Chrono Boost)  
  63  5:33  Probe (Chrono Boost)  
  64  5:40  Immortal  
  64  5:41  Probe (Chrono Boost)  
  69  5:45  Probe (Chrono Boost)  
  69  5:54  Probe (Chrono Boost)  
  69  5:56  Nexus  
  70  5:57  Pylon  
  70  6:00  Probe (Chrono Boost)  
  70  6:12  Gateway, Immortal  
  70  6:14  Gateway  
  70  6:17  Probe x2 (Chrono Boost)  
  76  6:26  Assimilator  
  76  6:27  Sentry  
  76  6:30  Pylon  
  78  6:34  Gateway  
  78  6:38  Gateway  
  78  6:41  Warp Prism  
  78  6:44  Gateway  
  78  6:49  Probe x2 (Chrono Boost)  
  78  6:53  Gateway  
  83  7:02  Probe (Chrono Boost)  
  83  7:07  Sentry  
  85  7:09  Pylon  
  85  7:14  Observer  
  86  7:23  Stalker  
  86  7:25  Pylon  
  86  7:28  Probe (Chrono Boost)  
  86  7:29  Probe x2 (Chrono Boost)  
  91  7:37  Pylon  
  91  7:40  Sentry  
  91  7:41  Stalker x3, Sentry  
  101  7:46  Stalker  
  101  7:51  Warp Prism  
  101  7:55  Probe x2 (Chrono Boost)  
  101  7:56  Probe (Chrono Boost)  
  100  8:09  Stalker x4, Sentry x2  
  104  8:25  Stalker x2  
  110  8:28  Probe x2 (Chrono Boost)  
  110  8:29  Probe (Chrono Boost)  
  110  8:33  Immortal, Dark Shrine  
  99  8:44  Stalker x3  
  84  8:55  Probe (Chrono Boost)  
  84  8:56  Immortal, Probe x2 (Chrono Boost)  
  84  9:03  Forge  
  82  9:12  Stalker x3  
  82  9:15  Assimilator  
  82  9:17  Shield Battery  
  86  9:19  Shield Battery  
  86  9:21  Immortal, Shield Battery  
  86  9:24  Pylon  
  86  9:32  Pylon  
  90  9:47  Dark Templar  
  90  9:51  Dark Templar x2  
Show
View Real Time Build Order
Export as new Build Order

FeaR Protoss - Winner!

Build Orders: Dark Templar Rush 

Get SALT Encoding   

  12  0:02  Probe (Chrono Boost)  
  14  0:14  Probe (Chrono Boost)  
  14  0:17  Pylon  
  14  0:26  Probe (Chrono Boost)  
  15  0:32  Probe (Chrono Boost)  
  15  0:38  Gateway  
  15  0:40  Probe (Chrono Boost)  
  17  0:52  Assimilator, Probe (Chrono Boost)  
  18  0:59  Assimilator, Probe (Chrono Boost)  
  19  1:09  Probe (Chrono Boost)  
  20  1:21  Probe (Chrono Boost)  
  20  1:23  Pylon  
  20  1:25  Cybernetics Core  
  22  1:33  Probe (Chrono Boost)  
  22  1:43  Pylon  
  22  1:45  Probe (Chrono Boost)  
  23  1:51  Stalker  
  23  2:01  Warp Gate  
  23  2:03  Probe (Chrono Boost)  
  23  2:07  Pylon  
  26  2:12  Twilight Council  
  27  2:15  Probe (Chrono Boost)  
  27  2:21  Stalker  
  29  2:28  Probe (Chrono Boost)  
  30  2:39  Gateway  
  30  2:40  Probe (Chrono Boost)  
  31  2:48  Pylon  
  31  2:50  Dark Shrine  
  31  3:02  Pylon  
  31  3:24  Nexus  
  31  3:29  Probe (Chrono Boost)  
  31  3:34  Robotics Facility  
  32  3:37  Probe (Chrono Boost)  
  32  3:38  Pylon  
  33  3:44  Probe (Chrono Boost)  
  34  3:51  Forge  
  35  3:56  Probe (Chrono Boost)  
  35  4:05  Dark Templar x2  
  35  4:08  Probe (Chrono Boost)  
  40  4:16  Pylon  
  40  4:20  Probe (Chrono Boost)  
  40  4:22  Pylon  
  39  4:24  Protoss Ground Weapons Level 1  
  40  4:32  Probe (Chrono Boost)  
  40  4:33  Probe (Chrono Boost)  
  41  4:40  Observer  
  41  4:41  Probe (Chrono Boost)  
  41  4:44  Probe (Chrono Boost)  
  44  4:47  Sentry  
  44  4:52  Assimilator  
  47  4:53  Probe (Chrono Boost)  
  47  4:56  Probe (Chrono Boost)  
  47  4:58  Assimilator  
  48  5:05  Immortal, Probe (Chrono Boost)  
  54  5:08  Probe (Chrono Boost)  
  54  5:17  Probe (Chrono Boost)  
  54  5:18  Shield Battery  
  54  5:20  Shield Battery, Probe (Chrono Boost)  
  57  5:29  Blink, Probe (Chrono Boost)  
  57  5:33  Probe (Chrono Boost)  
  58  5:42  Immortal  
  58  5:48  Nexus  
  58  5:49  Pylon  
  62  6:00  Protoss Ground Weapons Level 2  
  62  6:03  Pylon  
  62  6:09  Probe x2 (Chrono Boost)  
  64  6:11  Gateway  
  64  6:13  Gateway, Sentry x2  
  68  6:21  Probe x2 (Chrono Boost)  
  70  6:27  Immortal  
  75  6:33  Probe x2 (Chrono Boost)  
  75  6:34  Pylon  
  76  6:40  Sentry  
  76  6:42  Pylon  
  80  6:54  Probe x2 (Chrono Boost)  
  80  6:57  Gateway x2  
  80  6:59  Gateway  
  80  7:05  Sentry x2  
  84  7:09  Stalker  
  84  7:11  Immortal  
  84  7:12  Probe x3 (Chrono Boost)  
  95  7:24  Probe (Chrono Boost)  
  96  7:31  Stalker  
  96  7:32  Stalker  
  98  7:37  Shield Battery x2  
  98  7:40  Stalker x2, Shield Battery  
  98  7:41  Immortal  
  102  8:03  Stalker x4  
  96  8:10  Stalker x3  
  98  8:26  Stalker  
  98  8:27  Stalker x2  
  102  8:28  Stalker  
  100  8:43  Stalker x2, Probe (Chrono Boost)  
  100  8:45  Warp Prism  
  91  8:50  Zealot  
  91  8:55  Sentry x3  
  100  9:02  Photon Cannon  
  97  9:04  Photon Cannon  
  97  9:06  Photon Cannon  
  97  9:07  Photon Cannon  
  96  9:10  Stalker x4, Probe (Chrono Boost)  
  96  9:13  Probe (Chrono Boost)  
  105  9:20  Stalker x2  
  105  9:23  Pylon  
  109  9:24  Pylon  
  109  9:48  Stalker x4  
  109  9:49  Stalker x2  
Tags
 
Add a new tag
Caveats
  • Supply blocks, unpowered buildings, or Contaminate may cause inaccurate times.
  • Supply counts are checked every 10 seconds.